 Dungeon Crawl Stone Soup version 0.31-a0-234-gad7ace16ef (webtiles) character file.

Game seed: 16621235469590978402

181 qw the Shooter (level 5, -3/32 HPs)
             Began as a Gargoyle Hexslinger on July 9, 2023.
             Slain by an iguana (10 damage)
             ... on level 4 of the Dungeon.
             The game lasted 00:01:31 (3278 turns).

qw the Shooter (Gargoyle Hexslinger)                Turns: 3278, Time: 00:01:31

Health: -3/32      AC:  7    Str: 12    XL:     5   Next: 61%
Magic:  6/6        EV: 11    Int: 13    God:
Gold:   181        SH:  0    Dex: 14    Spells: 5/6 levels left

rFire   . . .        Y - +1 sling
rCold   . . .        (no shield)
rNeg    + . .        b - +0 leather armour
rPois   inf          (no helmet)
rElec   +            (no cloak)
rCorr   .            (no gloves)
SInv    .            (no boots)
Will    .....        (no amulet)
Stlth   +            (no ring)
HPRegen 0.25/turn    (no ring)
MPRegen 0.10/turn

%: no passive effects
@: no status effects
A: sickness immunity, AC +4, negative energy resistance 1, electricity
resistance, torment resistance 1, petrification resistance
a: no special abilities


You were on level 4 of the Dungeon.
You visited 1 branch of the dungeon, and saw 4 of its levels.

You collected 181 gold pieces.


Innate Abilities, Weirdness & Mutations

You are immune to sickness and miasma.
Your stone body is resilient. (AC +4)
You are immune to poison.
You resist negative energy. (rN+)
You are resistant to electric shocks. (rElec)
You are resistant to unholy torment.
You are immune to petrification.


   Skills:
 - Level 3.0 Fighting
 + Level 5.0 Ranged Weapons
 - Level 1.5 Dodging
 - Level 1.0 Spellcasting
 - Level 2.6 Hexes


You had 5 spell levels left.
You knew the following spells:

 Your Spells              Type           Power      Damage    Failure   Level
a - Slow                  Hex            28%        N/A       12%         1

Your spell library contained the following spells:

 Spells                   Type           Power      Damage    Failure   Level
 Inner Flame              Hex/Fire       4%         N/A       52%         3
 Portal Projectile        Hex/Tloc       8%         N/A       52%         3
 Cause Fear               Hex            3%         N/A       75%         4

Inventory:

Hand Weapons
 Y - a +1 sling (weapon)
Armour
 b - a +0 leather armour (worn)
 j - a +0 ring mail
Scrolls
 c - 2 scrolls of identify
 g - a scroll of enchant armour
Potions
 a - a potion of haste
 d - a potion of might
 e - 2 potions of curing
 f - a potion of cancellation
 h - a potion of mutation {unknown}
 i - a potion of lignification {unknown}

Dungeon Overview and Level Annotations

Branches:
Dungeon (4/15)
 Temple: D:4-7

Altars:
Fedhas
Trog


Message History

You shoot a sling bullet. The sling bullet hits the iguana.
The iguana is moderately wounded.
The iguana barely misses you. The iguana closely misses you.
You shoot a sling bullet.
The sling bullet hits the iguana but does no damage.
The iguana is moderately wounded.
The iguana barely misses you.
You shoot a sling bullet.
The sling bullet closely misses the iguana.
The iguana bites you!
You shoot a sling bullet.
The sling bullet barely misses the iguana.
The iguana bites you.
You shoot a sling bullet.
The sling bullet hits the iguana but does no damage.
The iguana is moderately wounded.
The iguana barely misses you.
You shoot a sling bullet. The sling bullet hits the iguana.
The iguana is moderately wounded.
The iguana bites you but does no damage.
The iguana closely misses you.
You shoot a sling bullet.
The sling bullet hits the iguana but does no damage.
The iguana is moderately wounded.
The iguana bites you.
You shoot a sling bullet.
The sling bullet barely misses the iguana.
The iguana bites you but does no damage.
You shoot a sling bullet.
The sling bullet hits the iguana but does no damage.
The iguana is moderately wounded.
The iguana closely misses you.
You shoot a sling bullet.
The sling bullet barely misses the iguana.
The iguana bites you but does no damage.
You shoot a sling bullet.
The sling bullet hits the iguana but does no damage.
The iguana is moderately wounded.
The iguana bites you!
You die...

..... ...$# . ......
.. ......
#..#######......
................
#.............
#....l@......#
#..##........#
#..##.##..####
#..##.##.##
#..##....##.#
##########..#........#
#...........#...######
#.###............#
##.....)##.#.#


You could see an iguana.

Vanquished Creatures
  A jelly (D:3)
  An orc priest (D:2)
  3 adders
  A worm (D:2)
  2 dart slugs
  6 orcs
  5 bats
  6 endoplasms
  A giant cockroach (D:1)
  6 goblins
  6 hobgoblins
  14 jackals
  A quokka (D:2)
  9 ball pythons
  2 frilled lizards
  6 kobolds
  6 rats
76 creatures vanquished.

Notes
Turn   | Place    | Note
-------+----------+-------------------------------------------
     0 | D:1      | qw the Gargoyle Hexslinger began the quest for the Orb.
     0 | D:1      | Reached XP level 1. HP: 12/12 MP: 2/2
     0 | D:1      | 0 ||| qw: Version: 0.3-a-51-g015441d
     0 | D:1      | 0 ||| qw: Game counter: 4250
     0 | D:1      | 0 ||| qw: Melee chars always use a shield: true
     0 | D:1      | 0 ||| qw: God list: Okawaru
     0 | D:1      | 0 ||| qw: Allow faded altars: false
     0 | D:1      | 0 ||| qw: Do Orc after clearing Dungeon:15 true
     0 | D:1      | 0 ||| qw: Do second Lair branch before Depths: true
     0 | D:1      | 0 ||| qw: Lair rune preference: random
     0 | D:1      | 0 ||| qw: Goals: Normal
     0 | D:1      | 0 ||| PLANNING D:1-11
    41 | D:1      | Found a faded altar of an unknown god.
   209 | D:1      | Reached XP level 2. HP: 16/16 MP: 3/3
   369 | D:1      | Reached skill level 3 in Ranged Weapons
   494 | D:1      | Reached XP level 3. HP: 21/21 MP: 4/4
  1013 | D:1      | 1013 ||| READING scroll labelled DACA WAGYI.
  1014 | D:1      | 1014 ||| READING scroll labelled XILICW ONEKKI.
  1015 | D:1      | 1015 ||| READING 4 scrolls labelled NITHREH UFA.
  1016 | D:1      | 1016 ||| DRINKING 2 puce potions.
  1017 | D:1      | 1017 ||| DROPPING scroll of poison.
  1018 | D:1      | 1018 ||| DROPPING 3 scrolls of immolation.
  1095 | D:2      | 1095 ||| FLEEEEING.
  1103 | D:2      | 1103 ||| FLEEEEING.
  1112 | D:2      | 1112 ||| STAIRDANCE
  1124 | D:1      | 1124 ||| READING scroll labelled OTHEFAR OVYE.
  1406 | D:2      | Reached XP level 4. HP: 26/26 MP: 5/5
  1411 | D:2      | Reached skill level 4 in Ranged Weapons
  1613 | D:2      | 1613 ||| FLEEEEING.
  1615 | D:2      | 1615 ||| FLEEEEING.
  1616 | D:2      | 1616 ||| FLEEEEING.
  1617 | D:2      | 1617 ||| FLEEEEING.
  1618 | D:2      | 1618 ||| FLEEEEING.
  1619 | D:2      | 1619 ||| FLEEEEING.
  1620 | D:2      | 1620 ||| FLEEEEING.
  1621 | D:2      | 1621 ||| FLEEEEING.
  1622 | D:2      | 1622 ||| FLEEEEING.
  1623 | D:2      | 1623 ||| FLEEEEING.
  1624 | D:2      | 1624 ||| FLEEEEING.
  1625 | D:2      | 1625 ||| FLEEEEING.
  1626 | D:2      | 1626 ||| FLEEEEING.
  1627 | D:2      | 1627 ||| FLEEEEING.
  1628 | D:2      | 1628 ||| FLEEEEING.
  1629 | D:2      | 1629 ||| FLEEEEING.
  1857 | D:2      | 1857 ||| UPGRADING to +0 leather armour.
  1867 | D:2      | 1867 ||| DROPPING +0 robe.
  1868 | D:2      | 1868 ||| READING scroll labelled OMPAHY TUTUWA.
  1869 | D:2      | 1869 ||| READING scroll labelled CIXIQA OLEOQO.
  1870 | D:2      | 1870 ||| READING scroll labelled DUICZU FOYLADY.
  1871 | D:2      | 1871 ||| DRINKING 2 viscous red potions.
  2018 | D:3      | Reached XP level 5. HP: 22/30 MP: 6/6
  2067 | D:3      | Found a bloodstained altar of Trog.
  2070 | D:3      | Identified the +2 flail "Xaitaqo" {flame, Will+ Str+3
                  | Stlth-}
  2200 | D:3      | Found a blossoming altar of Fedhas.
  2559 | D:3      | 2559 ||| FLEEEEING.
  2560 | D:3      | 2560 ||| FLEEEEING.
  2561 | D:3      | 2561 ||| FLEEEEING.
  2563 | D:3      | 2563 ||| FLEEEEING.
  2564 | D:3      | 2564 ||| FLEEEEING.
  2565 | D:3      | 2565 ||| FLEEEEING.
  2566 | D:3      | 2566 ||| FLEEEEING.
  2567 | D:3      | 2567 ||| FLEEEEING.
  2568 | D:3      | 2568 ||| FLEEEEING.
  2569 | D:3      | 2569 ||| FLEEEEING.
  2570 | D:3      | 2570 ||| FLEEEEING.
  2571 | D:3      | 2571 ||| FLEEEEING.
  2572 | D:3      | 2572 ||| FLEEEEING.
  2573 | D:3      | 2573 ||| FLEEEEING.
  2574 | D:3      | 2574 ||| FLEEEEING.
  2575 | D:3      | 2575 ||| FLEEEEING.
  2576 | D:3      | 2576 ||| FLEEEEING.
  2581 | D:3      | 2581 ||| FLEEEEING.
  2582 | D:3      | 2582 ||| FLEEEEING.
  2583 | D:3      | 2583 ||| FLEEEEING.
  2584 | D:3      | 2584 ||| FLEEEEING.
  2585 | D:3      | 2585 ||| FLEEEEING.
  2586 | D:3      | 2586 ||| FLEEEEING.
  2587 | D:3      | 2587 ||| FLEEEEING.
  2588 | D:3      | 2588 ||| FLEEEEING.
  2589 | D:3      | 2589 ||| FLEEEEING.
  2590 | D:3      | 2590 ||| FLEEEEING.
  2591 | D:3      | 2591 ||| FLEEEEING.
  2592 | D:3      | 2592 ||| FLEEEEING.
  2593 | D:3      | 2593 ||| STAIRDANCE
  2618 | D:2      | 2618 ||| READING 3 scrolls of identify.
  2618 | D:2      | 2618 ||| IDENTIFYING fuming purple potion
  2619 | D:2      | 2619 ||| READING 2 scrolls of identify.
  2619 | D:2      | 2619 ||| IDENTIFYING murky cyan potion
  2620 | D:2      | 2620 ||| DROPPING potion of berserk rage.
  2625 | D:3      | Reached skill level 5 in Ranged Weapons
  2629 | D:3      | 2629 ||| STAIRDANCE
  2654 | D:3      | 2654 ||| STAIRDANCE
  2666 | D:3      | 2666 ||| STAIRDANCE
  2712 | D:3      | 2712 ||| STAIRDANCE
  2771 | D:3      | 2771 ||| STAIRDANCE
  2824 | D:3      | 2824 ||| STAIRDANCE
  3119 | D:3      | 3119 ||| DRINKING 2 clear potions.
  3237 | D:4      | Reached skill level 3 in Fighting
  3271 | D:4      | HP: 6/32 [iguana (4)]
  3278 | D:4      | Slain by an iguana

Levels and vault maps discovered:
D:1:      kennysheep_arrival_seaside, layout_loops_corners,
          basic_ecumenical_altar
D:2:      layout_loops_cross
D:3:      layout_loops_ring, amcnicky_altar_gilded, fedhas_altar_1
D:4:      minmay_skewed_foursquare, layout_rooms,
          nicolae_hepliaklqana_monster_ancestors, minmay_temple_entry_trees,
          amethyst_killhole, chequers_serial_rivers_room_b

Skill      XL: |  1  2  3  4  5 |
---------------+----------------+-----
Ranged Weapons | 3 4 5 |  5.0
Fighting       | 2 3 |  3.0
Dodging        | |  1.5
Spellcasting   | |  1.0
Hexes          | |  2.6

Action                     |  1- 3 |  4- 6 || total
---------------------------+-------+-------++-------
   Fire: Sling             |   146 |   194 ||   340
    Use: Scroll            |     4 |     5 ||     9
         Potion            |     1 |     2 ||     3
 Armour: Robe              |    40 |    13 ||    53
         Leather armour    |       |    31 ||    31
  Dodge: Dodged            |    75 |    96 ||   171

Table legend:
 A = Non-vault XP
 B = Vault XP
 C = Vault XP percentage of total XP
 D = Non-vault monster count
 E = Vault monster count
 F = Vault count percentage of total count
                 A         B        C        D         E       F
            +---------+---------+-------+---------+---------+-------
      Total |     259 |       0 |   0.0 |      76 |       0 |   0.0
            +---------+---------+-------+---------+---------+-------
        D:1 |      50 |       0 |   0.0 |      27 |       0 |   0.0
        D:2 |     112 |       0 |   0.0 |      32 |       0 |   0.0
        D:3 |      79 |       0 |   0.0 |      14 |       0 |   0.0
        D:4 |      18 |       0 |   0.0 |       3 |       0 |   0.0
            +---------+---------+-------+---------+---------+-------
